 Dungeon Crawl Stone Soup version 0.26-a0-1222-g14533b3512 (webtiles) character file.

Game seed: 12027084056139441203

16 Chaotty the Covered (level 2, 19/19 HPs)
             Began as a Gargoyle Fighter on Dec 31, 2020.
             Quit the game on level 1 of the Dungeon on Jan 1, 2021.
             The game lasted 00:08:07 (771 turns).

Chaotty the Covered (Gargoyle Fighter)               Turns: 771, Time: 00:08:08

Health: 19/19      AC: 14    Str: 19    XL:     2   Next: 54%
Magic:  2/2        EV:  3    Int:  8    God:
Gold:   6          SH:  9    Dex:  9    Spells: 1/1 levels left

rFire    . . .     SeeInvis .   a - +1 flail
rCold    . . .     Faith    .   c - +0 kite shield
rNeg     + . .     Spirit   .   h - +0 plate armour
rPois    ∞         Reflect  .   (no helmet)
rElec    +         Harm     .   (no cloak)
rCorr    .         Rampage  .   (no gloves)
Will     .....                  (no boots)
Stlth    ..........             (no amulet)
HPRegen  0.06/turn              (no ring)
MPRegen  0.08/turn              (no ring)

@: no status effects
A: negative energy resistance 1, electricity resistance, unbreathing,
petrification resistance, miasma immunity, AC +2
a: no special abilities


You were on level 1 of the Dungeon.
You visited 1 branch of the dungeon, and saw 1 of its levels.

You collected 6 gold pieces.

Inventory:

Hand Weapons
 a - a +1 flail (weapon)
 e - a +0 whip
 f - a +0 mace
 i - a +0 club
Armour
 b - a +0 scale mail
 c - a +0 kite shield (worn)
 g - a +0 plate armour
 h - a +0 plate armour (worn)
Potions
 d - 2 potions of might


   Skills:
 + Level 3.4 Fighting
 + Level 2.0 Maces & Flails
 + Level 3.8 Armour
 + Level 3.6 Shields


You had one spell level left.
You didn't know any spells.
Your spell library was empty.

Dungeon Overview and Level Annotations

Branches:
Dungeon (1/15)

Altars:


Innate Abilities, Weirdness & Mutations

You are resistant to torment.
Your stone body is resilient. (AC +2)
You are immune to poison.
You resist negative energy. (rN+)
You are resistant to electric shocks. (rElec)
You can survive without breathing.
You are immune to petrification.
You are immune to miasma.


Message History

No target in view!
You start waiting.
Done waiting.
You start waiting.
Done waiting.
You start waiting.
Done waiting.
You start waiting.
Done waiting.
Welcome back, Chaotty the Gargoyle Fighter.
Press ? for a list of commands and other information.
Unknown command.
Unknown command.
Unknown command.
Welcome back, Chaotty the Gargoyle Fighter.
Press ? for a list of commands and other information.
Unknown command.
Welcome back, Chaotty the Gargoyle Fighter.
Press ? for a list of commands and other information.
Are you sure you want to abandon this character and quit the game? (Confirm with "yes".)

####### #.....# #.....#####
#.........#######
#......##........
####'#...........
#########..>@.........
#............#...#.###
###.#####........# ## #.#
#..#.##..# . #.# ##.#.##.##
#.# #.#.##.#############
#.######.#.##..............
#........#.#...............
##########.#.######...#####


There were no monsters in sight!

Vanquished Creatures
  An ooze (D:1)
  A bat (D:1)
  A goblin (D:1)
  2 hobgoblins (D:1)
  3 jackals (D:1)
  A kobold (D:1)
  A rat (D:1)
10 creatures vanquished.

Notes
Turn   | Place    | Note
-------+----------+-------------------------------------------
     0 | D:1      | Chaotty the Gargoyle Fighter began the quest for the Orb.
     0 | D:1      | Reached XP level 1. HP: 14/14 MP: 1/1
    79 | D:1      | Reached XP level 2. HP: 19/19 MP: 2/2
   771 | D:1      | Quit the game

Illustrated notes

Levels and vault maps discovered:
D:1:      arrival_zaba_pyramid, layout_basic, serial_forest,
          infiniplex_forest_straight_2, infiniplex_forest_clump_large,
          infiniplex_forest_corner_1, infiniplex_forest_lined_room_2,
          infiniplex_forest_clump_small, infiniplex_forest_lined_2,
          infiniplex_forest_lined_2

Action                   || total
-------------------------++-------
Melee: Flail             ||    22
  Use: Scroll            ||     1
       Potion            ||     1
Armor: Scale mail        ||    15
       Plate armour      ||     3
Dodge: Dodged            ||     5
Block: Kite shield       ||     9

Table legend: (Time is in decaauts)
 A = Elapsed time spent in this place.
 B = Non-inter-level travel time spent in this place.
 C = Inter-level travel time spent in this place.
 D = Time resting spent in this place.
 E = Time spent auto-exploring this place.
 F = Levels seen in this place.
 G = Mean time per level.
                   A        B        C        D        E       F      G
               +--------+--------+--------+--------+--------+-----+--------+
         Total |    779 |    526 |    253 |    400 |      0 |   1 |  779.0 |
       Dungeon |    779 |    526 |    253 |    400 |      0 |   1 |  779.0 |
               +--------+--------+--------+--------+--------+-----+--------+

Top non-repeatable levels by time:
     D:1: 779 daAuts
